 Dungeon Crawl Stone Soup version 0.23.1-37-gaa34b87 (webtiles) character file.

Game seed: 15207075997797285434

205 esteth the Magician (level 5, -1/37 HPs)
             Began as a Gnoll Wizard on Mar 24, 2019.
             Killed from afar by an orc wizard (9 damage)
             ... with a puff of frost
             ... on level 4 of the Dungeon.
             The game lasted 00:05:21 (3665 turns).

esteth the Magician (Gnoll Wizard)                  Turns: 3665, Time: 00:05:22

Health: -1/37      AC:  2    Str:  9    XL:     5   Next: 83%
Magic:  12/23      EV: 14    Int: 22    God:
Gold:   199        SH:  0    Dex: 13    Spells: 7/18 levels left

rFire    . . .     SeeInvis .   k - +3 spear
rCold    . . .     Gourm    .   (no shield)
rNeg     . . .     Faith    .   a - +0 robe
rPois    .         Spirit   .   b - +0 hat
rElec    .         Reflect  .   (no cloak)
rCorr    .         Harm     .   (no gloves)
MR       .....                  (no boots)
Stlth    +++.......             (no amulet)
HPRegen  0.12/turn              o - ring of magical power
MPRegen  0.18/turn              (no ring)

@: no status effects
A: distributed training, fangs 1, strong nose
a: no special abilities


You were on level 4 of the Dungeon.
You were not hungry.

You visited 1 branch of the dungeon, and saw 4 of its levels.

You collected 199 gold pieces.

Inventory:

Hand Weapons
 g - a +0 mace
 k - a +3 spear (weapon)
Armour
 a - a +0 robe (worn)
 b - a +0 hat (worn)
Jewellery
 o - a ring of magical power (left hand)
Wands
 p - a wand of acid (5)
Scrolls
 f - 2 scrolls of teleportation
 h - 6 scrolls of identify
 i - a scroll of noise {unknown}
 l - a scroll of fear {unknown}
 n - 4 scrolls of remove curse {unknown}
 q - 2 scrolls of enchant weapon {unknown}
 u - a scroll of random uselessness {unknown}
Potions
 c - a potion of brilliance {unknown}
 e - 2 potions of haste {unknown}
 j - 2 potions of lignification {unknown}
 m - a potion of magic {unknown}
 s - a potion of ambrosia {unknown}
 t - a potion of experience {unknown}
 v - a potion of curing {unknown}
 w - a potion of degeneration {unknown}
 x - a potion of flight {unknown}
Comestibles
 d - 5 rations
 r - 3 chunks of flesh


   Skills:
 + Level 1.6 Fighting
 + Level 1.6 Short Blades
 + Level 1.6 Long Blades
 + Level 1.6 Axes
 + Level 1.6 Maces & Flails
 + Level 1.6 Polearms
 + Level 1.6 Staves
 + Level 1.6 Slings
 + Level 1.6 Bows
 + Level 1.6 Crossbows
 + Level 1.6 Throwing
 + Level 1.6 Armour
 + Level 4.8 Dodging
 + Level 4.4 Stealth
 + Level 1.6 Shields
 + Level 1.6 Unarmed Combat
 + Level 7.3 Spellcasting
 + Level 2.4 Conjurations
 + Level 1.3 Hexes
 + Level 1.3 Charms
 + Level 2.4 Summonings
 + Level 1.3 Necromancy
 + Level 2.4 Translocations
 + Level 1.3 Transmutations
 + Level 1.3 Fire Magic
 + Level 1.3 Ice Magic
 + Level 1.3 Air Magic
 + Level 1.3 Earth Magic
 + Level 1.3 Poison Magic
 + Level 1.8 Invocations
 + Level 1.6 Evocations


You had 7 spell levels left.
You knew the following spells:

 Your Spells              Type           Power        Failure   Level  Hunger
a - Magic Dart            Conj           ###.         3%          1    None
b - Blink                 Tloc           N/A          4%          2    None
c - Call Imp              Summ           ###.....     4%          2    None
d - Conjure Flame         Conj/Fire      ###.....     11%         3    None
e - Mephitic Cloud        Conj/Pois/Air  ###.....     12%         3    None

Your spell library contained the following spells:

 Spells                   Type           Power        Failure   Level  Hunger
 Slow                     Hex            ##......     7%          2    None


Dungeon Overview and Level Annotations

Branches:
Dungeon (4/15)
 Temple: D:4-7

Altars:
Dithmenos


Innate Abilities, Weirdness & Mutations

Your experience applies equally to all skills.
You have very sharp teeth.
Your uncanny sense of smell can sniff out nearby items.


Message History

The gnoll appears confused.
The gnoll hits the gnoll but does no damage.
The orc wizard hits you with a +0 dagger.
You puncture the hound skeleton!
You destroy the hound skeleton!
The orc wizard casts a spell at you. The puff of flame hits you!
* * * LOW HITPOINT WARNING * * *
The orc barely misses the orc wizard.
The orc completely misses itself.
The gnoll hits the gnoll with a +0 whip!
The gnoll is killed!
The giant cockroach closely misses you.
You are too injured to fight recklessly!
You hit the giant cockroach but do no damage.
The orc wizard hits you with a +0 dagger.
* * * LOW HITPOINT WARNING * * *
The giant cockroach misses you.
The orc wizard points at you and mumbles some strange words.
The puff of frost hits you!
You die...

#...#.g.#.... .....
#............ #..##
#............ ##.#
##.........#
##..........# #
#......<....# .#
#o#...#####)###.###..
#.. #####.)..o...o.
?.. #......@o.)....
... ######s##.#####
o. ∆ #<.....# #
####.#.# .... ....
... .


You could see an orc wizard, 2 orcs and a giant cockroach.

Vanquished Creatures
  A hound (D:3)
  Ijyb (D:3)
  An orc wizard (D:4)
  A hound skeleton (D:4)
  4 gnolls
  An adder (D:3)
  2 oozes
  2 worms (D:2)
  A dart slug (D:2)
  2 leopard geckos
  4 orcs
  3 giant cockroaches
  10 goblins
  4 hobgoblins
  4 kobolds (D:1)
  2 ball pythons (D:1)
  7 bats
  4 frilled lizards
  4 rats
58 creatures vanquished.

Notes
Turn   | Place    | Note
-------+----------+-------------------------------------------
     0 | D:1      | esteth the Gnoll Wizard began the quest for the Orb.
     0 | D:1      | Reached XP level 1. HP: 13/13 MP: 8/8
   347 | D:1      | Reached XP level 2. HP: 19/19 MP: 8/10
   861 | D:1      | Reached XP level 3. HP: 25/25 MP: 11/11
  1567 | D:2      | Reached skill level 1 in Invocations
  2210 | D:3      | Reached skill level 1 in Fighting
  2210 | D:3      | Reached skill level 1 in Short Blades
  2210 | D:3      | Reached skill level 1 in Long Blades
  2210 | D:3      | Reached skill level 1 in Axes
  2210 | D:3      | Reached skill level 1 in Maces & Flails
  2210 | D:3      | Reached skill level 1 in Polearms
  2210 | D:3      | Reached skill level 1 in Staves
  2210 | D:3      | Reached skill level 1 in Slings
  2210 | D:3      | Reached skill level 1 in Bows
  2210 | D:3      | Reached skill level 1 in Crossbows
  2210 | D:3      | Reached skill level 1 in Throwing
  2210 | D:3      | Reached skill level 1 in Armour
  2210 | D:3      | Reached skill level 1 in Shields
  2210 | D:3      | Reached skill level 1 in Unarmed Combat
  2210 | D:3      | Reached skill level 1 in Evocations
  2210 | D:3      | Reached XP level 4. HP: 32/32 MP: 13/13
  2239 | D:3      | Noticed Ijyb
  2514 | D:2      | Learned a level 2 spell: Blink
  2517 | D:2      | Learned a level 2 spell: Call Imp
  2521 | D:2      | Learned a level 3 spell: Conjure Flame
  2525 | D:2      | Learned a level 3 spell: Mephitic Cloud
  2547 | D:3      | Killed Ijyb
  2717 | D:3      | Found a shadowy altar of Dithmenos.
  2809 | D:3      | Reached skill level 1 in Hexes
  2809 | D:3      | Reached skill level 1 in Charms
  2809 | D:3      | Reached skill level 1 in Necromancy
  2809 | D:3      | Reached skill level 1 in Transmutations
  2809 | D:3      | Reached skill level 1 in Fire Magic
  2809 | D:3      | Reached skill level 1 in Ice Magic
  2809 | D:3      | Reached skill level 1 in Air Magic
  2809 | D:3      | Reached skill level 1 in Earth Magic
  2809 | D:3      | Reached skill level 1 in Poison Magic
  2841 | D:3      | Reached XP level 5. HP: 37/37 MP: 6/14
  3665 | D:4      | Killed from afar by an orc wizard

Skill      XL: |  1  2  3  4 |
---------------+-------------+-----
Conjurations   | 2 |  2.4
Summonings     | 2 |  2.4
Translocations | 2 |  2.4
Invocations    | 1 |  1.8
Fighting       | 1 |  1.6
Short Blades   | 1 |  1.6
Long Blades    | 1 |  1.6
Axes           | 1 |  1.6
Maces & Flails | 1 |  1.6
Polearms       | 1 |  1.6
Staves         | 1 |  1.6
Slings         | 1 |  1.6
Bows           | 1 |  1.6
Crossbows      | 1 |  1.6
Throwing       | 1 |  1.6
Armour         | 1 |  1.6
Shields        | 1 |  1.6
Unarmed Combat | 1 |  1.6
Evocations     | 1 |  1.6
Hexes          | 1 |  1.3
Charms         | 1 |  1.3
Necromancy     | 1 |  1.3
Transmutations | 1 |  1.3
Fire Magic     | 1 |  1.3
Ice Magic      | 1 |  1.3
Air Magic      | 1 |  1.3
Earth Magic    | 1 |  1.3
Poison Magic   | 1 |  1.3
Dodging        | |  4.8
Stealth        | |  4.4
Spellcasting   | |  7.3

Action                   |  1- 3 |  4- 6 || total
-------------------------+-------+-------++-------
Melee: Mace              |     1 |       ||     1
       Spear             |    31 |     5 ||    36
 Cast: Magic Dart        |    62 |    84 ||   146
       Mephitic Cloud    |       |     5 ||     5
       Conjure Flame     |       |     1 ||     1
  Use: Scroll            |     3 |       ||     3
 Stab: Sleeping          |     6 |       ||     6
  Eat: Chunk             |     3 |     5 ||     8
Armor: Robe              |     5 |     2 ||     7
Dodge: Dodged            |    20 |    23 ||    43
